 Dungeon Crawl Stone Soup version 0.22-a0-283-g1871b15 (webtiles) character file.

122794 Firecrotchwizard the Warrior (level 16, -17/157 HPs)
             Began as a Hill Orc Fighter on Mar 18, 2018.
             Was the Champion of Makhleb.
             Killed from afar by a thorn hunter (30 damage)
             ... with a volley of thorns
             ... on level 4 of the Swamp.
             The game lasted 01:05:17 (28486 turns).

Firecrotchwizard the Warrior (Hill Orc Fighter)    Turns: 28486, Time: 01:05:18

Health: -17/157    AC: 31    Str: 21    XL:     16   Next: 88%
Magic:  28/28      EV:  7    Int:  5    God:    Makhleb [******]
Gold:   2385       SH: 18    Dex: 15    Spells: 15/15 levels left

rFire    . . .     SeeInvis .   i - +3 whip (elec)
rCold    + . .     Gourm    .   T - +0 shield {reflect}
rNeg     . . .     Faith    .   y - +2 plate armour {rC+}
rPois    +         Spirit   .   r - +2 helmet
rElec    +         Reflect  +   t - +2 cloak {+Inv}
rCorr    .         Harm     .   (no gloves)
MR       +....                  l - +2 pair of boots
Stlth    ..........             q - amulet of Lac Tim {Reflect *Contam rElec rPois Int-5 SH+4}
HPRegen  0.36/turn              K - +2 ring of intelligence
MPRegen  0.21/turn              F - +3 ring of protection

@: drained
A: no striking features
a: Minor Destruction, Lesser Servant of Makhleb, Major Destruction, Greater
Servant of Makhleb, Renounce Religion, Evoke Invisibility


You were on level 4 of the Swamp.
You worshipped Makhleb.
Makhleb was exalted by your worship.
You were not hungry.

You visited 5 branches of the dungeon, and saw 28 of its levels.
You also visited: Volcano.

You collected 3050 gold pieces.
You spent 665 gold pieces at shops.

Inventory:

Hand Weapons
 i - a +3 whip of electrocution (weapon)
   (You took it off a kobold on level 1 of the Dungeon)
Missiles
 E - 2 throwing nets {=f, !d}
 Q - 6 tomahawks of dispersal {=f}
Armour
 c - a +0 shield
 l - a +2 pair of boots (worn)
   (You found it on level 6 of the Dungeon)
 r - a +2 helmet (worn)
   (You took it off Robin on level 2 of the Dungeon)
 t - a +2 cloak of invisibility (worn)
   (You took it off Maurice on level 8 of the Dungeon)
 u - a scarf of resistance
   (You found it on level 6 of the Dungeon)
 y - a +2 plate armour of cold resistance (worn)
   (You took it off an orc warrior on level 2 of the Orcish Mines)
 z - a +0 plate armour
   (You found it on level 3 of the Dungeon)
 C - a +0 chain mail
   (You took it off an orc warrior on level 8 of the Dungeon)
 T - a +0 shield of reflection (worn)
   (You took it off Donald on level 1 of the Swamp)
Magical Staves
 V - an uncursed staff of air {unknown}
   (You found it on level 1 of the Swamp)
Jewellery
 h - an uncursed amulet of rage {+Rage, !d}
   (You found it on level 2 of the Dungeon)
 q - the amulet of Lac Tim (around neck) {Reflect *Contam rElec rPois Int-5 SH+4}
   (You acquired it on level 1 of the Lair of Beasts)

   [amulet of reflection]

   It shields you and reflects attacks.
   It affects your intelligence (-5).
   It insulates you from electricity.
   It protects you from poison.
   It causes magical contamination when unequipped.
   It affects your SH (+4).
 w - an uncursed ring of wizardry {Wiz+, !d}
   (You found it on level 5 of the Dungeon)
 x - an uncursed ring of stealth {Stlth+}
   (You took it off a hobgoblin on level 3 of the Dungeon)
 F - a +3 ring of protection (right hand)
   (You found it on level 1 of the Lair of Beasts)
 K - a +2 ring of intelligence (left hand)
   (You took it off an orc on level 8 of the Dungeon)
 L - an uncursed ring of protection from fire {rF+, !d}
   (You took it off an orc on level 11 of the Dungeon)
 M - an uncursed ring of resist corrosion
   (You found it on level 2 of the Lair of Beasts)
Wands
 a - a wand of acid (22)
   (You found it on level 10 of the Dungeon)
 G - a wand of iceblast (50)
   (You took it off Maurice on level 8 of the Dungeon)
 X - a wand of paralysis (36)
   (You found it on level 1 of the Swamp)
Scrolls
 b - 2 scrolls of magic mapping {!r}
 d - 3 scrolls of fear
 j - 9 scrolls of teleportation
 m - 7 scrolls of enchant weapon
 o - 11 scrolls of remove curse
 v - 28 scrolls of identify
 H - 2 scrolls of fog
 I - a scroll of vulnerability {!r!r}
 P - 4 scrolls of blinking {!r}
 S - 3 scrolls of immolation {unknown}
 U - 2 scrolls of amnesia
Potions
 e - 3 potions of heal wounds
 g - 7 potions of curing
 k - 5 potions of cancellation
 n - 3 potions of haste
 p - 2 potions of lignification {unknown}
 s - 5 potions of brilliance {unknown}
 A - 3 potions of flight {unknown}
 B - 3 potions of invisibility {unknown}
 D - 2 potions of resistance
 J - 3 potions of might
 N - 2 potions of mutation {unknown}
 O - 2 potions of ambrosia {unknown}
 R - 2 potions of magic {unknown}
 Y - 2 potions of agility
Comestibles
 f - 50 rations {@e1}
 W - 3 chunks of flesh {@w0}


   Skills:
 + Level 17.8(17.4) Fighting
   Level 3.5(9.5) Axes
 - Level 11.8(11.6) Maces & Flails
 + Level 12.6(12.2) Armour
 - Level 15.0(14.6) Shields
 + Level 16.6(16.2) Invocations
 + Level 6.5(6.2) Evocations


You had 15 spell levels left.
You didn't know any spells.

Dungeon Overview and Level Annotations

Branches:
Dungeon (15/15)            Temple (1/1) D:6            Lair (6/6) D:8
  Swamp (4/4) Lair:3       Spider (0/4) Lair:4        Slime (0/5) Lair:6
    Orc (2/2) D:10            Elf (0/3) Orc:2        Vaults (0/5) D:14
 Depths (0/5) D:15

Altars:
Ashenzari
Cheibriados
Dithmenos
Elyvilon
Fedhas
Gozag
Hepliaklqana
Kikubaaqudgha
Makhleb
Nemelex Xobeh
Okawaru
Qazlal
Ru
Sif Muna
Trog
Uskayaw
Vehumet
Wu Jian
Xom
Yredelemnul
Zin
The Shining One

Shops:
D:10 %   Orc:2 !}=%?

Annotations:
D:3 1 runed door
Lair:5 exclusion: oklob plant
Swamp:4 Lernaean hydra


Message History

Lightning courses through the slime creature!
You kill the slime creature!
Makhleb accepts your kill.
A slime creature comes into view.
The slime creature quivers.
Two slime creatures merge to form an enormous slime creature.
You enter the shallow water.
Moving in this stuff is going to be slow.
The thorn hunter gestures.
The thorn hunter barely misses you. You block the thorn hunter's attack. x2
The thorn hunter hits you but does no damage.
You completely miss the thorn hunter.
The enormous slime creature hits you but does no damage.
Two slime creatures merge to form a titanic slime creature.
Your plate armour prevents you from hitting the titanic slime creature.
You block the thorn hunter's attack. The thorn hunter hits you!
You take 7 damage, and have 150/157 hp.
You whack the titanic slime creature!
Lightning courses through the titanic slime creature!
The thorn hunter fires a volley of thorns at you.
The volley of thorns hits you!
You take 24 damage, and have 126/157 hp.
You hit the titanic slime creature. You whack the titanic slime creature!
The thorn hunter gestures.
Thorny briars emerge from the ground!
You hit the titanic slime creature. The titanic slime creature hits you.
You take 2 damage, and have 124/157 hp.
You hit the titanic slime creature.
Lightning courses through the titanic slime creature!
The thorn hunter barely misses you.
The thorn hunter hits you but does no damage.
You hit the titanic slime creature.
Lightning courses through the titanic slime creature!
A titanic slime creature splits.
The thorn hunter barely misses you. You block the thorn hunter's attack.
You hit the very large slime creature. You hit the very large slime creature.
The thorn hunter fires a volley of thorns at you.
The volley of thorns hits you!
The very large slime creature barely misses you.
You block the large slime creature's attack.
You take 19 damage, and have 105/157 hp.
Your plate armour prevents you from hitting the very large slime creature.
The thorn hunter fires a volley of thorns at you.
The volley of thorns misses you.
You hit the very large slime creature.
The very large slime creature hits you but does no damage.
The large slime creature hits you.
You take 2 damage, and have 104/157 hp.
You closely miss the thorn hunter. You block the thorn hunter's attack.
The thorn hunter hits you!
You take 11 damage, and have 93/157 hp.
You closely miss the thorn hunter.
The very large slime creature hits you!!
A large slime creature splits.
You take 24 damage, and have 69/157 hp.
You hit the thorn hunter. You block the thorn hunter's attack. x2
You hit the thorn hunter.
The very large slime creature closely misses you.
You block the slime creature's attack. You block the thorn hunter's attack.
The thorn hunter hits you but does no damage.
You block the slime creature's attack.
You hit the thorn hunter. You hit the thorn hunter.
You block the very large slime creature's attack.
The thorn hunter hits you but does no damage.
You block the thorn hunter's attack. You block the slime creature's attack.
The slime creature hits you but does no damage.
Your plate armour prevents you from hitting the thorn hunter.
You hit the thorn hunter.
The thorn hunter hits you but does no damage. x2
The very large slime creature completely misses you.
You block the slime creature's attack. x2
You barely miss the thorn hunter. The thorn hunter closely misses you.
The thorn hunter hits you but does no damage.
You closely miss the thorn hunter.
The very large slime creature hits you!!!
* * * LOW HITPOINT WARNING * * *
You block the slime creature's attack. x2
You take 44 damage, and have 26/157 hp.
MASSIVE DAMAGE!!
You barely miss the thorn hunter.
The briar patch crumbles away.
The thorn hunter hits you but does no damage.
The thorn hunter closely misses you.
You block the very large slime creature's attack.
You hit the thorn hunter but do no damage.
Lightning courses through the thorn hunter!
You block the slime creature's attack. x2
The thorn hunter fires a volley of thorns at you.
The volley of thorns hits you!
* * * LOW HITPOINT WARNING * * *
You take 13 damage, and have 13/157 hp.
You completely miss the thorn hunter.
You block the very large slime creature's attack.
You closely miss the thorn hunter.
The slime creature hits you but does no damage.
The thorn hunter fires a volley of thorns at you.
The volley of thorns hits you!
You die...

♣♣♣.≈≈.≈§♣♣♣
♣♣≈≈.≈♣....≈≈≈≈.
♣♣♣....≈♣§♣
♣.≈.♣♣♣♣.≈≈.♣≈.
♣♣.≈♣.≈≈≈≈P♣♣ ≈≈≈♣
♣.≈.♣≈♣.
♣.....≈≈≈≈≈.♣♣♣♣
≈..♣≈.≈♣
♣♣....≈≈≈≈..≈♣≈♣
.♣♣♣♣...♣
♣≈.≈≈.≈≈≈...♣≈♣
..<≈≈.
♣♣.≈..≈≈≈≈≈≈.♣♣♣♣
≈≈.≈≈≈
♣≈≈....≈≈≈≈..J≈♣
≈♣♣♣..
♣.≈≈≈≈≈≈≈≈≈≈@J♣♣ §.
.. ♣.≈≈≈.≈≈.≈≈≈fJ♣
♣.≈≈≈≈≈≈..≈≈≈≈..♣
♣....≈≈≈.≈≈≈≈≈≈..≈♣
♣.≈♣≈...≈§...<..≈.♣
♣♣..♣.≈≈≈♣♣...≈♣
♣♣♣..≈≈≈≈ .≈.≈♣
♣♣.≈≈≈≈ ≈..♣♣
♣♣♣..♣ ♣♣♣


You could see a thorn hunter, a very large slime creature and 2 slime creatures.

Vanquished Creatures
  Rupert (D:12)
  2 thorn hunters
  Kirke (Lair:6)
  Donald (Swamp:1)
  An orc warlord (D:10)
  An ettin (D:15)
  The ghost of pooptown the Nimble, a journeyman MfIE of Kikubaaqudgha (Lair:3)
  An ogre mage (D:15)
  Erolcha (D:11)
  20 hydras
  2 catoblepae
  8 vault guards
  Harold (Lair:3)
  3 ghost crabs
  The ghost of wevryn the Martial Artist, a journeyman OpTm of Dithmenos (D:11)
  3 centaur warriors
  2 two-headed ogres
  6 alligators
  A death knight (D:14)
  The ghost of GizzardofKazz the Fencer, a novice MiBe of Trog (D:8)
  An orc high priest (Orc:2)
  Nergalle (D:11)
  A deep elf knight (D:15)
  A hell knight (D:15)
  A skeletal warrior (Volcano)
  2 spriggan druids
  5 unseen horrors
  6 swamp dragons
  3 lindwurms
  3 orc knights (Orc:2)
  2 orc sorcerers (Orc:2)
  An orb spider (shapeshifter) (D:13)
  2 wolf spider zombies (D:15)
  5 ugly things (D:15)
  2 cyclopes
  12 slime creatures
  2 manticores (Lair:6)
  6 elephants (Lair:6)
  Maurice (D:8)
  A torpor snail (Lair:6)
  3 centaur zombies
  6 black mambas
  3 gargoyles
  17 spiny frogs
  3 rime drakes
  2 efreet (D:15)
  2 demonic crawlers (D:12)
  3 freezing wraiths (D:14)
  2 yaktaurs (D:15)
  6 komodo dragons
  A jumping spider (shapeshifter) (D:14)
  11 trolls
  2 polar bears
  5 tyrant leeches
  7 bog bodies
  A wind drake (shapeshifter) (D:14)
  5 hornets
  A meliai zombie (D:12)
  Prince Ribbit (D:7)
  9 blink frogs
  7 hippogriffs
  2 dream sheep (Lair:6)
  A flying skull (Volcano)
  4 spriggans
  3 shadows
  4 wyverns
  24 yaks
  3 wraiths
  2 vampires
  2 fire bats (D:12)
  4 hogs
  13 vampire mosquitoes
  A hungry ghost (D:14)
  3 basilisks
  Grum (D:8)
  14 swamp worms
  The ghost of lunkers the Changer, an amateur OpTm of Nemelex Xobeh (D:3)
  A warg (D:10)
  Duvessa (D:7)
  3 insubstantial wisps (Swamp:1)
  2 hell hounds (Lair:4)
  15 water moccasins
  3 ice beasts
  A hornet zombie (D:13)
  10 porcupines
  6 sky beasts
  11 swamp drakes
  34 orc warriors
  A black bear (D:9)
  A necrophage (D:11)
  15 ogres
  15 centaurs
  2 phantoms
  2 wolves (D:8)
  10 crocodiles
  5 big kobolds
  A gnoll sergeant (D:7)
  A wyvern zombie (D:12)
  23 bullfrogs
  Dowan (D:7)
  2 wyvern skeletons
  4 scorpions
  26 killer bees
  12 wights
  A spriggan skeleton (Volcano)
  2 vampire bats (D:12)
  6 howler monkeys
  3 electric eels (D:10)
  5 crimson imps
  A bullfrog skeleton (D:9)
  6 jellies
  6 hounds
  14 orc priests
  20 orc wizards
  6 centaur skeletons
  3 iguanas
  11 worker ants
  A killer bee zombie (D:8)
  A hound skeleton (D:4)
  Robin (D:2)
  A worker ant zombie (D:9)
  9 gnolls
  17 adders
  A shadow imp (D:13)
  6 oozes
  An adder skeleton (D:7)
  10 worms
  A dart slug (D:1)
  9 leopard geckos
  84 orcs
  4 ball pythons
  10 giant cockroaches
  14 goblins
  5 hobgoblins
  15 jackals
  43 kobolds
  3 quokkas
  11 bats
  6 frilled lizards
  A quokka zombie (D:7)
  5 rats
846 creatures vanquished.

Vanquished Creatures (collateral kills)
  Roxanne (D:15)
  A tengu warrior (D:15)
  A troll (D:10)
  A blink frog (Lair:3)
  3 hogs (Lair:6)
  An orc warrior (D:10)
  A crocodile (Lair:5)
  A bullfrog (D:11)
  2 orcs (D:10)
12 creatures vanquished.

Vanquished Creatures (others)
  A centaur warrior (Orc:2)
  2 yaktaurs (D:15)
  3 orc warriors (Orc:2)
  5 centaurs
  4 orcs
  25 fungi
  18 plants
58 creatures vanquished.

Grand Total: 916 creatures vanquished

Notes
Turn   | Place    | Note
-------+----------+-------------------------------------------
     0 | D:1      | Firecrotchwizard the Hill Orc Fighter began the quest for the Orb.
     0 | D:1      | Reached XP level 1. HP: 19/19 MP: 1/1
   158 | D:1      | Reached skill level 3 in Axes
   158 | D:1      | Reached XP level 2. HP: 27/27 MP: 2/2
   367 | D:1      | Reached skill level 4 in Fighting
   391 | D:1      | Reached XP level 3. HP: 28/33 MP: 3/3
   969 | D:1      | Reached skill level 1 in Maces & Flails
  1375 | D:2      | Reached XP level 4. HP: 37/41 MP: 4/4
  1418 | D:2      | Noticed Robin
  1420 | D:2      | Reached skill level 4 in Shields
  1449 | D:2      | Killed Robin
  2128 | D:3      | Noticed lunkers's ghost (amateur OpTm)
  2346 | D:3      | Killed lunkers's ghost
  2346 | D:3      | Reached skill level 5 in Fighting
  2346 | D:3      | Reached skill level 2 in Maces & Flails
  2346 | D:3      | Reached XP level 5. HP: 25/48 MP: 5/5
  2520 | D:3      | Reached skill level 3 in Maces & Flails
  2520 | D:3      | Reached XP level 6. HP: 53/56 MP: 6/6
  2558 | D:3      | Found a faded altar of an unknown god.
  2679 | D:3      | Reached skill level 5 in Shields
  3124 | D:3      | Found a runed door.
  3424 | D:4      | Reached skill level 6 in Fighting
  3424 | D:4      | Reached XP level 7. HP: 63/63 MP: 7/7
  3430 | D:4      | Reached skill level 4 in Maces & Flails
  3860 | D:5      | Entered Level 5 of the Dungeon
  3974 | D:5      | Reached skill level 6 in Shields
  4023 | D:5      | Found a stormy altar of Qazlal.
  4299 | D:5      | Reached skill level 7 in Fighting
  4299 | D:5      | Reached skill level 5 in Maces & Flails
  4299 | D:5      | Reached XP level 8. HP: 73/73 MP: 8/8
  4703 | D:6      | Found a staircase to the Ecumenical Temple.
  4712 | Temple   | Entered the Ecumenical Temple
  4782 | Temple   | Became a worshipper of Makhleb the Destroyer
  4849 | D:6      | Reached skill level 7 in Shields
  4887 | D:6      | Reached skill level 6 in Maces & Flails
  4999 | D:6      | Reached skill level 8 in Fighting
  5117 | D:6      | Reached XP level 9. HP: 82/82 MP: 9/9
  5341 | D:6      | Found a bloodstained altar of Trog.
  5477 | D:7      | Reached skill level 8 in Shields
  5492 | D:7      | Noticed Duvessa
  5492 | D:7      | Noticed Dowan
  5505 | D:7      | Killed Duvessa
  5505 | D:7      | Reached skill level 7 in Maces & Flails
  5511 | D:7      | Killed Dowan
  5539 | D:7      | Noticed Prince Ribbit
  5540 | D:7      | Reached * piety under Makhleb
  5540 | D:7      | Reached skill level 9 in Fighting
  5557 | D:7      | Killed Prince Ribbit
  5845 | D:6      | HP: 16/84 [orc warrior/short sword (13)]
  5848 | D:6      | Reached skill level 8 in Maces & Flails
  6182 | D:7      | Reached skill level 9 in Shields
  6215 | D:7      | Found a hazy altar of Hepliaklqana.
  6285 | D:7      | Reached skill level 10 in Fighting
  6501 | D:8      | Noticed Maurice
  6502 | D:8      | Reached XP level 10. HP: 93/93 MP: 10/10
  6507 | D:8      | Reached ** piety under Makhleb
  6529 | D:8      | Killed Maurice
  6627 | D:8      | Noticed Grum
  6642 | D:8      | Killed Grum
  6642 | D:8      | Reached skill level 1 in Invocations
  6934 | D:8      | Reached skill level 9 in Maces & Flails
  6951 | D:8      | Reached skill level 2 in Invocations
  7378 | D:8      | Found a staircase to the Lair.
  7679 | D:8      | Noticed GizzardofKazz's ghost (novice MiBe)
  7715 | D:8      | Killed GizzardofKazz's ghost
  7715 | D:8      | Reached skill level 10 in Shields
  7715 | D:8      | Reached skill level 3 in Invocations
  8091 | D:9      | Reached skill level 11 in Fighting
  8261 | D:9      | Reached skill level 4 in Invocations
  8528 | D:9      | Reached *** piety under Makhleb
  8564 | D:9      | Reached skill level 5 in Invocations
  8686 | D:9      | Reached XP level 11. HP: 100/102 MP: 14/14
  8775 | D:10     | Entered Level 10 of the Dungeon
  8775 | D:10     | Found a staircase to the Orcish Mines.
  8812 | D:10     | Noticed a two-headed ogre
  8826 | D:10     | Killed a two-headed ogre
  8826 | D:10     | Reached skill level 10 in Maces & Flails
  9011 | D:10     | Reached skill level 6 in Invocations
  9118 | D:10     | Found Eguudiq's Food Shoppe.
  9464 | D:10     | Reached **** piety under Makhleb
  9570 | D:10     | Reached skill level 11 in Shields
  9909 | Lair:1   | Entered Level 1 of the Lair of Beasts
  9932 | Lair:1   | Reached skill level 12 in Fighting
 10149 | Lair:1   | Reached skill level 7 in Invocations
 10404 | Lair:1   | Identified a scroll of acquirement
 10405 | Lair:1   | Got a glittering golden amulet
 10406 | Lair:1   | Identified the amulet of Lac Tim {Reflect *Contam rElec rPois Int-5 SH+4} (You acquired it on level 1 of the Lair of Beasts)
 11265 | Lair:3   | Noticed Harold
 11398 | Lair:3   | Killed Harold
 11398 | Lair:3   | Reached skill level 8 in Invocations
 11461 | Lair:3   | Reached skill level 11 in Maces & Flails
 11560 | Lair:3   | Reached XP level 12. HP: 97/113 MP: 18/18
 11675 | Lair:3   | Noticed a five-headed hydra
 11682 | Lair:3   | Killed a five-headed hydra
 11716 | Lair:3   | Noticed pooptown's ghost (journeyman MfIE)
 11751 | Lair:3   | Killed pooptown's ghost
 11893 | Lair:3   | Reached skill level 9 in Invocations
 11894 | Lair:3   | Found a staircase to the Swamp.
 12047 | Lair:3   | Reached skill level 12 in Shields
 12413 | Lair:3   | Reached skill level 13 in Fighting
 12877 | Lair:4   | Reached ***** piety under Makhleb
 12880 | Lair:4   | Found a hole to the Spider Nest.
 13257 | Lair:4   | Reached skill level 10 in Invocations
 13415 | Lair:4   | Found a dark tunnel.
 13451 | Volcano  | Entered a volcano
 13521 | Volcano  | HP: 23/115 [skeletal warrior/halberd of flaming (6)]
 13532 | Volcano  | HP: 28/115 [alligator skeleton (5)]
 13540 | Volcano  | HP: 17/115 [alligator skeleton (12)]
 13543 | Volcano  | Reached skill level 4 in Armour
 13548 | Volcano  | HP: 16/115 [alligator skeleton (3)]
 14114 | Lair:5   | Noticed a catoblepas
 14162 | Lair:5   | Killed a catoblepas
 14190 | Lair:5   | Reached XP level 13. HP: 95/122 MP: 20/20
 14301 | Lair:5   | Got an ancient emerald amulet
 14302 | Lair:5   | Identified the amulet of Coluq {RegenMP MP+9} (You found it on level 5 of the Lair of Beasts)
 14498 | Lair:5   | Reached skill level 5 in Armour
 14853 | Lair:6   | Entered Level 6 of the Lair of Beasts
 15077 | Lair:6   | Found a staircase to the Slime Pits.
 15117 | Lair:6   | Noticed Kirke
 15187 | Lair:6   | Reached skill level 11 in Invocations
 15277 | Lair:6   | Reached skill level 14 in Fighting
 15277 | Lair:6   | Reached skill level 13 in Shields
 15574 | Lair:6   | Reached skill level 6 in Armour
 16334 | Lair:6   | Reached skill level 12 in Invocations
 16339 | Lair:6   | Reached skill level 7 in Armour
 16722 | Lair:6   | Noticed a sphinx
 16731 | Lair:6   | Killed Kirke
 16731 | Lair:6   | Reached XP level 14. HP: 133/133 MP: 23/23
 16963 | Orc:1    | Entered Level 1 of the Orcish Mines
 16963 | Orc:1    | Noticed an orc warlord
 17138 | D:11     | Noticed wevryn's ghost (journeyman OpTm)
 17141 | D:11     | Noticed Nergalle
 17190 | D:11     | Killed Nergalle
 17209 | D:11     | HP: 30/133 [ynoxinul[the player character] (7)]
 17212 | D:11     | Killed wevryn's ghost
 17699 | D:11     | Noticed Erolcha
 17707 | D:11     | Killed Erolcha
 17707 | D:11     | Reached skill level 15 in Fighting
 17707 | D:11     | Reached skill level 8 in Armour
 18137 | D:12     | Noticed Rupert
 18162 | D:12     | Paralysed by Rupert for 3 turns
 18168 | D:12     | Killed Rupert
 18168 | D:12     | Reached skill level 14 in Shields
 18361 | D:12     | Reached ****** piety under Makhleb
 18395 | D:12     | Got a shimmering flail {venom}
 18396 | D:12     | Identified the +3 flail of Regicide {venom, *Contam rC+ Str+8} (You took it off an orc on level 12 of the Dungeon)
 18498 | D:12     | Reached skill level 13 in Invocations
 19622 | D:10     | Killed an orc warlord
 19829 | Orc:1    | Reached skill level 9 in Armour
 20084 | Orc:2    | Entered Level 2 of the Orcish Mines
 20386 | Orc:2    | Found a staircase to the Elven Halls.
 20440 | Orc:2    | Found Myquh's Distillery.
 20944 | Orc:2    | Found Goux's Food Emporium.
 20944 | Orc:2    | Found Fastraeso's Jewellery Boutique.
 20946 | Orc:2    | Found Nirroen's Gadget Shop.
 20948 | Orc:2    | Found Koupaink's Magic Scroll Shoppe.
 20955 | Orc:2    | Bought a wand of acid (5) for 216 gold pieces
 20955 | Orc:2    | Bought a wand of iceblast (8) for 144 gold pieces
 20960 | Orc:2    | Bought a scroll of enchant weapon for 127 gold pieces
 20960 | Orc:2    | Bought a scroll of blinking for 127 gold pieces
 20960 | Orc:2    | Bought a scroll of teleportation for 51 gold pieces
 21080 | Orc:2    | Reached XP level 15. HP: 80/143 MP: 25/25
 21237 | Orc:2    | Reached skill level 14 in Invocations
 22130 | D:13     | Reached skill level 16 in Fighting
 22281 | D:13     | Reached skill level 10 in Armour
 22575 | D:13     | Reached skill level 15 in Shields
 22872 | D:14     | Found a gate to the Vaults.
 23447 | D:14     | Reached skill level 1 in Evocations
 23609 | D:14     | Found a bloodstained altar of Trog.
 23768 | D:15     | Entered Level 15 of the Dungeon
 23845 | D:15     | Reached skill level 15 in Invocations
 23902 | D:15     | Reached skill level 11 in Armour
 23902 | D:15     | Reached skill level 2 in Evocations
 23917 | D:15     | Found a staircase to the Depths.
 23946 | D:15     | Noticed Roxanne
 23982 | D:15     | Killed Roxanne
 24207 | D:15     | Found a sparkling altar of Nemelex Xobeh.
 24589 | D:15     | Reached skill level 3 in Evocations
 24954 | Swamp:1  | Entered Level 1 of the Swamp
 25283 | Swamp:1  | Noticed Donald
 25300 | Swamp:1  | Killed Donald
 25300 | Swamp:1  | Reached XP level 16. HP: 133/154 MP: 20/27
 25371 | Swamp:1  | Reached skill level 17 in Fighting
 25441 | Swamp:1  | Reached skill level 4 in Evocations
 25832 | Swamp:2  | Noticed a thorn hunter
 26310 | Swamp:2  | Killed a thorn hunter
 26319 | Swamp:2  | Reached skill level 5 in Evocations
 26840 | Swamp:2  | Reached skill level 12 in Armour
 26840 | Swamp:2  | Reached skill level 16 in Invocations
 27096 | Swamp:3  | Noticed a thorn hunter
 27113 | Swamp:3  | Killed a thorn hunter
 27790 | Swamp:4  | Entered Level 4 of the Swamp
 27918 | Swamp:4  | Reached skill level 6 in Evocations
 27933 | Swamp:4  | Noticed the 27-headed Lernaean hydra
 28453 | Swamp:4  | Noticed a thorn hunter
 28482 | Swamp:4  | HP: 26/157 [very large slime creature (45)]
 28486 | Swamp:4  | Killed from afar by a thorn hunter

Vault maps used:
D:1:      shiori_arrival_maze, serial_co_window_serial, co_window_cross_1,
          co_window_paths_b, co_window_paths_a, co_window_of_opportunity_a,
          co_window_paths_a, co_window_cross_3, co_window_2corner,
          co_window_broadway_c, co_window_corner_b, co_window_cross_2,
          co_window_paths_c, co_window_unsneaky_path_a, glass_columns_b,
          glass_columns_c, glass_columns_a, glass_columns_c, minmay_pentomino_s4
D:2:      uniq_robin
D:3:      cheibrodos_thug_alley, chequers_ecumenical_altar_simple_redux,
          minmay_guardbox, uniq_crazy_yiuf_cottage
D:5:      first_ration, serial_bayou_ford_a, nicolae_qazlal_eye_of_the_storm
D:6:      marbit_many_paths, temple_statues, fountainhead, lemuel_flame_loot_1
D:7:      basic_altar, uniq_prince_ribbit1, uniq_duvessa
D:8:      grunt_lair_entry_orc_guard_hut, uniq_maurice, uniq_grum
D:10:     orc_0_dummy, serial_shops, kennysheep_mini_moat,
          hangedman_little_slice_of_home, palyth_stone_intersect
D:11:     uniq_nergalle, uniq_erolcha
D:12:     hangedman_parallel_progression, uniq_rupert
D:14:     erik_vaults_2, basic_altar
D:15:     hangedman_depths_entry_civil_slaughter, basic_altar, uniq_roxanne
Temple:   grunt_wide_crystal_templ
Lair:1:   lemuel_fruit_fields, lemuel_fruit_tree, infiniplex_staircase_pool
Lair:3:   swamp_mist_pool, uniq_harold
Lair:4:   spider_nest_entry_web_field, enter_volcano_3
Lair:5:   grunt_megastairs_4, minmay_lair_oklob_chamber, serial_bayou_shore_a
Lair:6:   hangedman_lair_in_review, slime_dummy, uniq_kirke
Swamp:1:  evilmike_swamp_ruin_house_6, uniq_donald
Swamp:2:  serial_swamp_ruin, evilmike_swamp_ruin_house_2,
          evilmike_swamp_ruin_rubble_2
Swamp:3:  hangedman_swamp_pad
Swamp:4:  swamp_old_school
Orc:2:    st_orc_rangers, serial_shops, shop
Volcano:  volcano_tomb

Skill      XL: |  1  2  3  4  5  6  7  8  9 10 11 12 13 14 15 16 |
---------------+-------------------------------------------------+-----
Axes           | 3 |  3.5
Fighting       | 4 5 6 7 8 10 11 12 13 14 15 16 17 | 17.8
Maces & Flails | 1 2 3 5 6 8 9 11 | 11.8
Shields        | 4 5 6 7 9 10 11 12 13 14 15 | 15.0
Invocations    | 5 8 10 12 13 15 16 | 16.6
Armour         | 4 7 9 11 12 | 12.6
Evocations     | 3 6 |  6.5

Action                   |  1- 3 |  4- 6 |  7- 9 | 10-12 | 13-15 | 16-18 || total
-------------------------+-------+-------+-------+-------+-------+-------++-------
Melee: War axe           |    37 |       |       |       |       |       ||    37
       Whip              |    80 |   185 |   358 |   952 |  2399 |   774 ||  4748
       Unarmed           |       |       |       |       |     7 |       ||     7
Invok: Minor Destruction |       |       |       |     1 |       |       ||     1
       Lesser Servant of |       |       |       |     3 |     5 |       ||     8
       Major Destruction |       |       |       |     1 |    11 |     5 ||    17
       Greater Servant o |       |       |       |       |     2 |       ||     2
Evoke: Wand              |       |       |       |     2 |     7 |       ||     9
  Use: Scroll            |       |     1 |    12 |     7 |     8 |     1 ||    29
       Potion            |       |       |       |     3 |     1 |       ||     4
 Stab: Distracted        |       |       |       |     2 |     2 |       ||     4
       Petrified         |       |       |       |       |    11 |       ||    11
       Confused          |       |       |       |       |       |     3 ||     3
  Eat: Chunk             |     1 |     4 |     8 |    17 |    28 |     4 ||    62
       Ration            |       |     1 |     1 |     2 |     3 |     2 ||     9
Armor: Scale mail        |    51 |    76 |    99 |    86 |       |       ||   312
       Chain mail        |       |       |       |   208 |   556 |       ||   764
       Plate armour      |       |       |       |       |   322 |   410 ||   732
Dodge: Dodged            |    41 |    49 |    80 |   127 |   360 |   137 ||   794
Block: Shield            |    60 |    87 |   180 |   460 |  1674 |   514 ||  2975
       Reflection        |       |       |       |     4 |    87 |     1 ||    92
       Other             |       |       |       |       |     2 |       ||     2

Table legend:
 A = Spawn XP
 B = Non-spawn XP
 C = Spawn XP percentage of total XP
 D = Spawn monster count
 E = Non-spawn monster count
 F = Spawn count percentage of total count
 G = Total turns spent on level
                    A         B        C        D         E        F      G
               +---------+---------+-------+---------+---------+-------+---------
         Total |       0 |  175420 |   0.0 |       0 |     873 |   0.0 | 28486
               +---------+---------+-------+---------+---------+-------+---------
           D:1 |       0 |      62 |   0.0 |       0 |      30 |   0.0 |  1257
           D:2 |       0 |      69 |   0.0 |       0 |      16 |   0.0 |  1028
           D:3 |       0 |     386 |   0.0 |       0 |      37 |   0.0 |   968
           D:4 |       0 |     325 |   0.0 |       0 |      18 |   0.0 |   607
           D:5 |       0 |     401 |   0.0 |       0 |       8 |   0.0 |   768
           D:6 |       0 |    1369 |   0.0 |       0 |      26 |   0.0 |  1049
           D:7 |       0 |    1924 |   0.0 |       0 |      40 |   0.0 |   713
           D:8 |       0 |    3038 |   0.0 |       0 |      30 |   0.0 |  1788
           D:9 |       0 |    1713 |   0.0 |       0 |      25 |   0.0 |   675
          D:10 |       0 |    6223 |   0.0 |       0 |      65 |   0.0 |  1653
          D:11 |       0 |    4928 |   0.0 |       0 |      37 |   0.0 |   819
          D:12 |       0 |   12100 |   0.0 |       0 |      71 |   0.0 |  1351
          D:13 |       0 |   12413 |   0.0 |       0 |      61 |   0.0 |  1132
          D:14 |       0 |   10625 |   0.0 |       0 |      28 |   0.0 |   953
          D:15 |       0 |   14463 |   0.0 |       0 |      37 |   0.0 |   988
        Lair:1 |       0 |    1538 |   0.0 |       0 |       9 |   0.0 |   620
        Lair:2 |       0 |    1435 |   0.0 |       0 |       8 |   0.0 |   858
        Lair:3 |       0 |    8440 |   0.0 |       0 |      29 |   0.0 |  1451
        Lair:4 |       0 |    4228 |   0.0 |       0 |      17 |   0.0 |  1343
        Lair:5 |       0 |    4742 |   0.0 |       0 |      18 |   0.0 |   985
        Lair:6 |       0 |   19618 |   0.0 |       0 |      54 |   0.0 |  1714
       Swamp:1 |       0 |    8679 |   0.0 |       0 |      23 |   0.0 |   915
       Swamp:2 |       0 |   13586 |   0.0 |       0 |      31 |   0.0 |  1151
       Swamp:3 |       0 |   10206 |   0.0 |       0 |      19 |   0.0 |   770
       Swamp:4 |       0 |   17617 |   0.0 |       0 |      36 |   0.0 |   696
         Orc:1 |       0 |     998 |   0.0 |       0 |      20 |   0.0 |   609
         Orc:2 |       0 |   12841 |   0.0 |       0 |      76 |   0.0 |  1443
       Volcano |       0 |    1453 |   0.0 |       0 |       4 |   0.0 |    98
               +---------+---------+-------+---------+---------+-------+---------

Vault maps used:
D:1:      shiori_arrival_maze, serial_co_window_serial, co_window_cross_1,
          co_window_paths_b, co_window_paths_a, co_window_of_opportunity_a,
          co_window_paths_a, co_window_cross_3, co_window_2corner,
          co_window_broadway_c, co_window_corner_b, co_window_cross_2,
          co_window_paths_c, co_window_unsneaky_path_a, glass_columns_b,
          glass_columns_c, glass_columns_a, glass_columns_c, minmay_pentomino_s4
D:2:      uniq_robin
D:3:      cheibrodos_thug_alley, chequers_ecumenical_altar_simple_redux,
          minmay_guardbox, uniq_crazy_yiuf_cottage
D:5:      first_ration, serial_bayou_ford_a, nicolae_qazlal_eye_of_the_storm
D:6:      marbit_many_paths, temple_statues, fountainhead, lemuel_flame_loot_1
D:7:      basic_altar, uniq_prince_ribbit1, uniq_duvessa
D:8:      grunt_lair_entry_orc_guard_hut, uniq_maurice, uniq_grum
D:10:     orc_0_dummy, serial_shops, kennysheep_mini_moat,
          hangedman_little_slice_of_home, palyth_stone_intersect
D:11:     uniq_nergalle, uniq_erolcha
D:12:     hangedman_parallel_progression, uniq_rupert
D:14:     erik_vaults_2, basic_altar
D:15:     hangedman_depths_entry_civil_slaughter, basic_altar, uniq_roxanne
Temple:   grunt_wide_crystal_templ
Lair:1:   lemuel_fruit_fields, lemuel_fruit_tree, infiniplex_staircase_pool
Lair:3:   swamp_mist_pool, uniq_harold
Lair:4:   spider_nest_entry_web_field, enter_volcano_3
Lair:5:   grunt_megastairs_4, minmay_lair_oklob_chamber, serial_bayou_shore_a
Lair:6:   hangedman_lair_in_review, slime_dummy, uniq_kirke
Swamp:1:  evilmike_swamp_ruin_house_6, uniq_donald
Swamp:2:  serial_swamp_ruin, evilmike_swamp_ruin_house_2,
          evilmike_swamp_ruin_rubble_2
Swamp:3:  hangedman_swamp_pad
Swamp:4:  swamp_old_school
Orc:2:    st_orc_rangers, serial_shops, shop
Volcano:  volcano_tomb

Table legend:
 A = Turns spent in this place as a percentage of turns spent in the entire game.
 B = Non-inter-level travel turns spent in this place as a percentage of non-inter-level travel turns spent in the entire game.
 C = Inter-level travel turns spent in this place as a percentage of turns spent in this place.
 D = Turns resting spent in this place as a percentage of non-inter-level travel turns spent in this place.
 E = Turns spent auto-exploring this place as a percentage of non-inter-level travel turns spent in this place.
 F = Non-inter-level travel turns spent in this place divided by the number of levels of this place that you've seen.
                   A       B       C       D       E      F
               +-------+-------+-------+-------+-------+----------------------
         Total | 100.0 | 100.0 |   5.4 |  21.9 |  51.1 | 928.8
       Dungeon |  55.3 |  55.1 |   5.7 |  23.8 |  49.5 | 990.1
        Temple |   0.3 |   0.3 |  15.5 |   0.0 |  95.8 |  71.0
          Lair |  24.5 |  24.3 |   6.1 |  21.4 |  55.8 | 1090.5
         Swamp |  12.4 |  12.7 |   3.0 |  14.4 |  52.0 | 856.8
  Orcish Mines |   7.2 |   7.2 |   5.3 |  24.1 |  46.3 | 972.0
       Volcano |   0.3 |   0.4 |   0.0 |   0.0 |  26.5 |  98.0
               +-------+-------+-------+-------+-------+----------------------

Table legend:
 A = Kills in this place as a percentage of kills in entire the game.
 B = Kills by you in this place as a percentage of kills by you in the entire game.
 C = Kills by friends in this place as a percentage of kills by friends in the entire game.
 D = Other kills in this place as a percentage of other kills in the entire game.
 E = Experience gained in this place as a percentage of experience gained in the entire game.
 F = Experience gained in this place divided by the number of levels of this place that you have seen.
                   A       B       C       D       E      F
               +-------+-------+-------+-------+-------+----------------------
         Total | 100.0 | 100.0 | 100.0 | 100.0 | 100.0 | 6049.0
       Dungeon |  60.6 |  61.0 |  58.3 |  40.0 |  39.9 | 4669.3
          Lair |  15.5 |  15.4 |  41.7 |   0.0 |  22.8 | 6666.8
         Swamp |  12.5 |  12.9 |   0.0 |   0.0 |  28.6 | 12522.0
  Orcish Mines |  11.0 |  10.3 |   0.0 |  60.0 |   7.9 | 6919.5
       Volcano |   0.5 |   0.5 |   0.0 |   0.0 |   0.8 | 1453.0
               +-------+-------+-------+-------+-------+----------------------
